Map: Acid Plant LE

Players

MeiSe - Winner!

  • Race: Terran Terran
  • League: Platinum
  • Spawn Location: 11:00

axu

  • Race: Protoss Protoss
  • League: Platinum
  • Spawn Location: 5:00

VOD

Have the link to the VOD?

Description

Time

  • Played on: April 24, 2018, 8:53 a.m.
  • Length: 12:59
Show
View Real Time Build Order
Export as new Build Order

MeiSe Terran - Winner!

Build Orders: Reaper Expand 

Get SALT Encoding   

  12  0:00  SCV  
  13  0:12  SCV  
  14  0:22  Supply Depot  
  14  0:25  SCV  
  15  0:33  Refinery  
  15  0:43  SCV  
  15  0:45  Barracks  
  16  0:55  SCV  
  17  1:08  SCV  
  18  1:20  SCV  
  19  1:33  Orbital Command  
  19  1:39  Factory  
  19  1:53  Command Center  
  19  1:56  Reaper  
  20  2:04  Refinery  
  20  2:05  SCV  
  21  2:17  SCV  
  22  2:34  Supply Depot  
  22  2:37  Barracks Reactor  
  22  2:51  SCV  
  22  2:56  Widow Mine  
  25  3:17  Widow Mine  
  26  3:28  Supply Depot  
  26  3:33  Bunker, SCV  
  27  3:35  Marine x2  
  31  3:48  Widow Mine  
  31  3:52  Marine  
  31  3:53  Marine  
  31  3:54  SCV  
  34  4:03  SCV  
  34  4:06  SCV  
  34  4:09  Widow Mine  
  38  4:10  Starport, Marine  
  38  4:12  Barracks  
  38  4:16  SCV  
  40  4:18  Barracks, SCV  
  37  4:44  Widow Mine  
  37  4:45  Liberator  
  39  4:57  SCV  
  39  5:00  Marine x2  
  39  5:06  Widow Mine  
  44  5:09  SCV  
  45  5:18  Marine  
  45  5:19  SCV  
  45  5:21  SCV  
  46  5:31  SCV  
  46  5:52  Liberator, Marine x4  
  46  5:56  Widow Mine  
  52  6:09  Supply Depot  
  53  6:12  Supply Depot  
  53  6:17  Widow Mine  
  47  6:34  Marine x3  
  47  6:44  SCV  
  46  6:51  Marine  
  46  6:52  Marine  
  44  6:56  SCV  
  42  7:06  Marine x2  
  42  7:08  SCV  
  42  7:09  Marine x2  
  34  7:23  Cyclone  
  34  7:24  Marine x2  
  34  7:26  SCV  
  34  7:27  Marine, SCV  
  38  7:38  SCV  
  38  7:39  SCV  
  40  7:44  Bunker  
  40  7:55  Cyclone  
  42  8:11  SCV  
  43  8:13  SCV  
  43  8:14  Bunker  
  43  8:16  Marine x2  
  43  8:17  Marine  
  47  8:24  SCV  
  47  8:25  SCV  
  49  8:27  Cyclone  
  50  8:36  SCV  
  51  8:43  Liberator  
  42  8:56  Marine  
  42  8:57  Marine x2  
  42  8:59  Cyclone  
  42  9:02  SCV  
  52  9:10  Barracks Reactor  
  52  9:15  Marine x3  
  55  9:26  Liberator  
  55  9:31  Cyclone  
  55  9:38  Marine  
  58  9:41  Marine x2  
  64  9:47  SCV  
  64  9:49  SCV  
  66  9:56  Marine  
  66  9:59  Marine, SCV  
  69  10:01  SCV  
  70  10:11  Supply Depot  
  70  10:12  Supply Depot  
  70  10:14  SCV  
  70  10:18  Supply Depot  
  70  10:33  SCV  
  71  10:45  SCV, Barracks Tech Lab  
  72  10:54  Barracks  
  72  10:55  Barracks, SCV  
  74  11:00  Orbital Command  
  73  11:07  SCV  
  71  11:44  Marine x2  
  71  11:45  Marauder, Marine x2  
  77  11:47  Medivac  
  81  12:01  Refinery  
  81  12:02  Refinery, Marine x2  
  81  12:03  Marine x2  
  81  12:06  Barracks Tech Lab  
  81  12:07  Marauder  
  86  12:11  Barracks Tech Lab  
  85  12:17  Medivac  
  86  12:28  Marauder  
  86  12:29  Command Center  
Show
View Real Time Build Order
Export as new Build Order

axu Protoss 

Build Orders: Blink Stalkers 

Get SALT Encoding   

  12  0:01  Probe  
  13  0:13  Probe  
  14  0:17  Pylon  
  14  0:25  Probe  
  15  0:37  Probe  
  15  0:41  Gateway  
  16  0:49  Probe  
  17  0:50  Assimilator  
  17  0:53  Assimilator  
  17  1:01  Probe  
  18  1:13  Probe  
  20  1:25  Probe  
  20  1:28  Cybernetics Core  
  20  1:37  Probe  
  21  1:42  Pylon  
  21  1:53  Probe  
  22  2:05  Stalker, Probe  
  22  2:06  Warp Gate  
  25  2:13  Pylon  
  25  2:17  Probe  
  25  2:20  Twilight Council  
  26  2:24  Gateway  
  26  2:28  Gateway  
  26  2:29  Probe  
  27  2:36  Stalker  
  29  2:48  Gateway  
  29  3:10  Blink  
  29  3:11  Stalker  
  29  3:15  Stalker  
  29  3:16  Stalker  
  35  3:38  Pylon  
  35  3:40  Pylon  
  33  4:11  Stalker  
  33  4:12  Stalker x3  
  37  4:44  Stalker x4  
  33  5:09  Stalker x2  
  33  5:10  Stalker  
  31  5:49  Stalker x3  
  35  5:50  Stalker  
  35  6:15  Stalker x3  
  37  6:50  Stalker x2  
  37  6:51  Stalker  
  28  7:33  Stalker x3  
  28  7:34  Stalker  
  32  7:59  Nexus  
  30  8:07  Stalker x4  
  38  8:13  Pylon  
  38  8:17  Pylon  
  34  8:57  Probe  
  33  9:09  Probe  
  34  9:10  Stalker x2  
  34  9:11  Stalker x2  
  34  9:12  Assimilator  
  42  9:17  Assimilator  
  42  9:20  Probe  
  42  9:21  Probe  
  44  9:32  Probe  
  44  9:33  Probe  
  46  9:44  Probe  
  47  9:51  Probe  
  48  9:56  Probe  
  48  9:57  Templar Archives  
  49  10:03  Probe  
  50  10:08  Probe  
  51  10:26  Probe  
  51  10:27  Probe  
  51  10:34  High Templar x3  
  51  10:35  Psionic Storm, High Templar, Probe x2  
  61  10:37  Nexus  
  61  10:39  Assimilator  
  63  10:53  Robotics Facility  
  63  10:55  Probe x2  
  65  11:06  Pylon  
  65  11:09  Pylon  
  63  11:13  Archon  
  63  11:14  Archon  
  55  11:35  High Templar x2  
  57  11:40  Archon  
  47  11:56  Zealot x2  
  45  12:34  Stalker x2  
  45  12:35  Stalker x2  
Tags
 
Add a new tag
Caveats
  • Supply blocks, unpowered buildings, or Contaminate may cause inaccurate times.
  • Supply counts are checked every 10 seconds.